AoeStats
← Wilson

Nomad

509899315Analyzed
2v2 RM · 4d ago on Sep 28, 2026· 39m 52s· 4 players
Game mode
Random Map
Map size
176×176
Population
200
Speed
Normal
Resources
Standard
Victory
Conquest
Starting age
Dark Age
Ending age
Imperial Age
RankedLock teamsTeams togetherTeam positionsShared explorationLock speedFull tech treeHidden civsTurbo modeCheats
Victory
Defeat
🇫🇷 Bengalis · France
1103
+14
🇵🇱 Varangians · Poland
1067
+16
🇹🇼 Italians · Taiwan
1112
-17
🇹🇼 Varangians · Taiwan
1023
-13
DonBuzzito
5:05 Loom
14:15 Feudal Age
16:26 Bloodlines
18:06 Fishing Lines
20:40 Castle Age
23:03 Husbandry
23:20 Scale Barding Armor
23:26 Forging
23:16 Stone Mining
25:30 Gillnets
29:01 Fletching
31:29 Bodkin Arrow
34:55 Town Watch
35:26 Horse Collar
35:32 Double-Bit Axe
35:39 Gold Mining
36:25 Stone Shaft Mining
41:33 Imperial Age
39:39 Wheelbarrow
dorshiffe10
4:55 Loom
14:06 Feudal Age
14:51 Double-Bit Axe
19:47 Castle Age
17:30 Horse Collar
18:22 Bloodlines
18:45 Scale Barding Armor
19:41 Forging
20:50 Bow Saw
20:37 Gold Mining
22:15 Fletching
24:37 Fishing Lines
27:20 Gold Shaft Mining
28:24 Bodkin Arrow
29:03 Padded Archer Armor
29:11 Light Cavalry
30:24 Husbandry
31:06 Heavy Plow
31:43 Wheelbarrow
30:54 Town Watch
31:35 Stone Mining
33:12 Leather Archer Armor
36:35 Hand Cart
36:20 Town Patrol
39:04 Imperial Age
39:03 Ballistics
38:55 Masonry
38:41 Murder Holes
38:58 Masonry
39:45 Gillnets
Scan
11:14 Loom
16:17 Feudal Age
18:19 Fishing Lines
20:56 Castle Age
18:55 Double-Bit Axe
22:22 Bow Saw
23:07 Crossbowman
24:00 Fletching
24:34 Gillnets
25:10 Bodkin Arrow
25:15 Padded Archer Armor
29:59 Elite Skirmisher
31:43 Bloodlines
31:34 Husbandry
31:38 Gold Mining
35:41 Thumb Ring
Wilson
5:29 Loom
15:16 Feudal Age
19:46 Castle Age
21:29 Scale Mail Armor
25:44 Double-Bit Axe
30:39 Squires
31:30 Fishing Lines
31:38 Fishing Lines
36:40 Gillnets
Connection lost

Rejoining the realm…

Still unreachable

The connection could not be restored.

Session expired

The server has moved on; the page needs a fresh start.